A- WEST
STOCKTON PORTS @ INLAND EMPIRE 66ERS
08/12/2041
 
TOP OF THE 1ST
Stockton Ports batting - Pitching for Inland Empire 66ers : RHP Héctor Gallegos
Pitching: RHP Héctor Gallegos
Batting: SHB Juan Gonzáles 0-0: Bunt missed!
0-1: Fly out, F9 (Flyball, 9D, EV 86.9 MPH)
Batting: RHB Ángelo Lacero 0-0: Called Strike
0-1: Hit by Pitch
Batting: RHB Héctor Correa 0-0: Ball
1-0: Called Strike
1-1: Called Strike
1-2: Ball
2-2: Ball
3-2: Foul Ball, location: 5DF
3-2: Fly out, F3 (Popup, 3S, EV 88.1 MPH)
Batting: RHB Manny Rodríguez 0-0: Called Strike
0-1: Ball
1-1: DOUBLE (Flyball, 8RXD, EV 106.9 MPH)
Ángelo Lacero to third
Batting: LHB Pete Shipman 0-0: Called Strike
0-1: Ball
1-1: Called Strike
1-2: Foul Ball, location: 3F
1-2: Strikes out swinging
Top of the 1st over - 0 runs, 1 hit, 0 errors, 2 left on base; Stockton 0 - Inland Empire 0
BOTTOM OF THE 1ST
Inland Empire 66ers batting - Pitching for Stockton Ports : RHP César Oquendo
Pitching: RHP César Oquendo
Batting: LHB Sergio Aguilar 0-0: Foul Ball, location: 2LF
0-1: Hit by Pitch
Batting: RHB Manny Alfaro 0-0: Ball
1-0: Ball
Sergio Aguilar is caught stealing 2nd base 2-4
2-0: Called Strike
2-1: Foul Ball, location: 2F
2-2: Ball
3-2: Foul Ball, location: 2F
3-2: Fly out, F7 (Flyball, 78M, EV 94.4 MPH)
Batting: LHB David Pérez 0-0: Ball
1-0: Called Strike
1-1: Fly out, F8 (Line Drive, 8RD, EV 101.3 MPH)
Bottom of the 1st over - 0 runs, 0 hits, 0 errors, 0 left on base; Stockton 0 - Inland Empire 0
TOP OF THE 2ND
Stockton Ports batting - Pitching for Inland Empire 66ers : RHP Héctor Gallegos
Batting: RHB Don Thompson 0-0: Ball
1-0: Bunt for hit to 3S - play at first, batter safe!
Batting: LHB Clint Novak 0-0: Sac Bunt to 5S - play at first, batter OUT! 5-3
Don Thompson to second
Batting: RHB Héctor Cintrón 0-0: Swinging Strike
0-1: Ball
1-1: Fly out, F8 (Flyball, 8RD, EV 104.4 MPH)
Batting: RHB Tesema Matojo 0-0: Called Strike
0-1: SINGLE (Line Drive, 7S, EV 92.5 MPH)
Don Thompson to third
Runner from 3rd tries for Home, SAFE, throw by LF to home
Batting: SHB Juan Gonzáles 0-0: Ball
1-0: Foul Ball, location: 2F
1-1: Foul Ball, location: 7LSF
1-2: Ball
2-2: Ball
3-2: Foul Ball, location: 9LMF
3-2: Base on Balls
Tesema Matojo to second
Batting: RHB Ángelo Lacero 0-0: Ball
Wild Pitch!
Tesema Matojo to third
Juan Gonzáles to second
1-0: Called Strike
1-1: Ball
2-1: Ball
3-1: Base on Balls
Batting: RHB Héctor Correa 0-0: Foul Ball, location: 9LDF
0-1: Foul Ball, location: 3FF
0-2: Ball
1-2: Fielders Choice at 2nd, 6-4 (Groundball, 6, EV 92.5 MPH)
Top of the 2nd over - 1 run, 2 hits, 0 errors, 3 left on base; Stockton 1 - Inland Empire 0
BOTTOM OF THE 2ND
Inland Empire 66ers batting - Pitching for Stockton Ports : RHP César Oquendo
Batting: RHB Stan Ross 0-0: Ball
1-0: SINGLE (Flyball, 6MD, EV 86.9 MPH)
Batting: RHB Eric Goodman 0-0: Swinging Strike
0-1: Ball
1-1: Foul Ball, location: 23F
1-2: Strikes out swinging
Batting: RHB Andy Branch 0-0: Ground out 5-3 (Groundball, 5L, EV 97.5 MPH)
Stan Ross to second
Batting: SHB Chad Mills 0-0: Hit by Pitch
Batting: RHB Wilson Robles 0-0: Ball
1-0: Ball
2-0: Ball
3-0: Called Strike
3-1: Called Strike
3-2: Base on Balls
Stan Ross to third
Chad Mills to second
Batting: RHB José Martínez 0-0: Ball
Wild Pitch!
Stan Ross scores
Chad Mills to third
Wilson Robles to second
1-0: Called Strike
1-1: Ball
2-1: Foul Ball, location: 7LSF
2-2: Ball
3-2: DOUBLE (Line Drive, 78D, EV 108.1 MPH)
Chad Mills scores
Wilson Robles scores
Batting: LHB Sergio Aguilar 0-0: Ball
1-0: SINGLE (Line Drive, 9S, EV 90.6 MPH)
José Martínez to third
Runner from 3rd tries for Home, SAFE, throw by RF to home
Batting: RHB Manny Alfaro 0-0: Called Strike
Sergio Aguilar steals 2nd base
0-1: SINGLE (Groundball, 4M, EV 100.0 MPH) (infield hit)
Sergio Aguilar to third
Batting: LHB David Pérez 0-0: Called Strike
0-1: Fly out, F2 (Popup, 2RF, EV 98.1 MPH)
Bottom of the 2nd over - 4 runs, 4 hits, 0 errors, 2 left on base; Stockton 1 - Inland Empire 4
TOP OF THE 3RD
Stockton Ports batting - Pitching for Inland Empire 66ers : RHP Héctor Gallegos
Batting: RHB Manny Rodríguez 0-0: Ground out 4-3 (Groundball, 4MD, EV 78.1 MPH)
Batting: LHB Pete Shipman 0-0: Ball
1-0: Ball
2-0: Ball
3-0: Base on Balls
Batting: RHB Don Thompson 0-0: Ball
1-0: Grounds into double play, 5-4-3 (Groundball, 56, EV 85.6 MPH)
Top of the 3rd over - 0 runs, 0 hits, 0 errors, 0 left on base; Stockton 1 - Inland Empire 4
BOTTOM OF THE 3RD
Inland Empire 66ers batting - Pitching for Stockton Ports : RHP César Oquendo
Batting: RHB Stan Ross 0-0: Ball
1-0: Ball
2-0: Foul Ball, location: 5DF
2-1: Ball
3-1: Base on Balls
Batting: RHB Eric Goodman 0-0: Ball
1-0: Fly out, F7 (Line Drive, 7LM, EV 99.4 MPH)
Batting: RHB Andy Branch 0-0: Called Strike
0-1: Swinging Strike
0-2: Fly out, F8 (Line Drive, 8RM, EV 92.5 MPH)
Batting: SHB Chad Mills 0-0: Called Strike
0-1: Ball
1-1: Ball
2-1: Fly out, F8 (Flyball, 78D, EV 94.4 MPH)
Bottom of the 3rd over - 0 runs, 0 hits, 0 errors, 1 left on base; Stockton 1 - Inland Empire 4
TOP OF THE 4TH
Stockton Ports batting - Pitching for Inland Empire 66ers : RHP Héctor Gallegos
Batting: LHB Clint Novak 0-0: Called Strike
0-1: Ball
1-1: Foul Ball, location: 7LMF
1-2: Strikes out swinging
Batting: RHB Héctor Cintrón 0-0: Called Strike
0-1: Swinging Strike
0-2: Strikes out looking
Batting: RHB Tesema Matojo 0-0: Called Strike
0-1: Ball
1-1: Swinging Strike
1-2: Strikes out looking
Top of the 4th over - 0 runs, 0 hits, 0 errors, 0 left on base; Stockton 1 - Inland Empire 4
BOTTOM OF THE 4TH
Inland Empire 66ers batting - Pitching for Stockton Ports : RHP César Oquendo
Batting: RHB Wilson Robles 0-0: Ball
1-0: Foul Ball, location: 7LMF
1-1: Called Strike
1-2: Ball
2-2: Strikes out swinging
Batting: RHB José Martínez 0-0: Fly out, F8 (Flyball, 89M, EV 84.4 MPH)
Batting: LHB Sergio Aguilar 0-0: Ball
1-0: Foul Ball, location: 2F
1-1: Ball
2-1: Foul Ball, location: 23F
2-2: Foul Ball, location: 7LDF
2-2: Ball
3-2: Fly out, F9 (Flyball, 9, EV 92.5 MPH)
Bottom of the 4th over - 0 runs, 0 hits, 0 errors, 0 left on base; Stockton 1 - Inland Empire 4
TOP OF THE 5TH
Stockton Ports batting - Pitching for Inland Empire 66ers : RHP Héctor Gallegos
Batting: SHB Juan Gonzáles 0-0: Ground out U3 (Groundball, 3, EV 110.6 MPH)
Batting: RHB Ángelo Lacero 0-0: Ground out 4-3 (Groundball, 4, EV 79.4 MPH)
Batting: RHB Héctor Correa 0-0: Called Strike
0-1: Ball
1-1: Ball
2-1: Swinging Strike
2-2: Strikes out swinging
Top of the 5th over - 0 runs, 0 hits, 0 errors, 0 left on base; Stockton 1 - Inland Empire 4
BOTTOM OF THE 5TH
Inland Empire 66ers batting - Pitching for Stockton Ports : RHP César Oquendo
Batting: RHB Manny Alfaro 0-0: Called Strike
0-1: Swinging Strike
0-2: SOLO HOME RUN (Flyball, 89XD, EV 105.0 MPH), Distance : 431 ft
Pitching: RHP Héctor Núñes
Batting: LHB David Pérez 0-0: Foul Ball, location: 7LMF
0-1: Ball
1-1: Swinging Strike
1-2: Foul Ball, location: 2LF
1-2: Foul Ball, location: 2F
1-2: Ball
2-2: Strikes out swinging
Batting: RHB Stan Ross 0-0: Swinging Strike
0-1: Foul Ball, location: 2LF
0-2: Ball
1-2: Strikes out swinging
Batting: RHB Eric Goodman 0-0: Called Strike
0-1: Swinging Strike
0-2: Ball
1-2: Strikes out looking
Bottom of the 5th over - 1 run, 1 hit, 0 errors, 0 left on base; Stockton 1 - Inland Empire 5
TOP OF THE 6TH
Stockton Ports batting - Pitching for Inland Empire 66ers : RHP Héctor Gallegos
Batting: RHB Manny Rodríguez 0-0: Called Strike
0-1: Swinging Strike
0-2: Ball
1-2: Strikes out swinging
Batting: LHB Pete Shipman 0-0: Ball
1-0: Swinging Strike
1-1: Ball
2-1: Ball
3-1: Base on Balls
Pitching: RHP Joe Tinker
Batting: RHB Don Thompson 0-0: Foul Ball, location: 2F
0-1: Ball
1-1: Ball
Pete Shipman is caught stealing 2nd base 2-4
2-1: Foul Ball, location: 2F
2-2: Foul Ball, location: 9LSF
2-2: Ball
3-2: Foul Ball, location: 5F
3-2: Foul Ball, location: 2F
3-2: Strikes out swinging
Top of the 6th over - 0 runs, 0 hits, 0 errors, 0 left on base; Stockton 1 - Inland Empire 5
BOTTOM OF THE 6TH
Inland Empire 66ers batting - Pitching for Stockton Ports : RHP Héctor Núñes
Batting: RHB Andy Branch 0-0: Called Strike
0-1: Swinging Strike
0-2: Strikes out swinging
Batting: SHB Chad Mills 0-0: Called Strike
0-1: Foul Ball, location: 2RF, Error on foul ball, E2
0-2: Fly out, F4 (Popup, 4, EV 76.9 MPH)
Batting: RHB Wilson Robles 0-0: Ball
1-0: Foul Ball, location: 2F
1-1: Swinging Strike
1-2: Ball
2-2: Strikes out looking
Bottom of the 6th over - 0 runs, 0 hits, 1 error, 0 left on base; Stockton 1 - Inland Empire 5
TOP OF THE 7TH
Stockton Ports batting - Pitching for Inland Empire 66ers : RHP Joe Tinker
Batting: LHB Clint Novak 0-0: Ground out 5-3 (Groundball, 5S, EV 66.9 MPH)
Batting: RHB Héctor Cintrón 0-0: Called Strike
0-1: Ball
1-1: Called Strike
1-2: Strikes out looking
Batting: LHB Edgar Vázquez 0-0: Ball
1-0: Foul Ball, location: 2F
1-1: Ball
2-1: Foul Ball, location: 3FF
2-2: Ground out 4-3 (Groundball, 4, EV 82.5 MPH)
Top of the 7th over - 0 runs, 0 hits, 0 errors, 0 left on base; Stockton 1 - Inland Empire 5
BOTTOM OF THE 7TH
Inland Empire 66ers batting - Pitching for Stockton Ports : RHP Héctor Núñes
Batting: RHB José Martínez 0-0: SINGLE (Line Drive, 9S, EV 102.5 MPH)
Batting: LHB Sergio Aguilar 0-0: Sac Bunt to 23 - play at second, runner OUT! 3-6
Batting: RHB Manny Alfaro 0-0: Ball
1-0: Ball
2-0: Ball
3-0: Called Strike
3-1: Base on Balls
Sergio Aguilar to second
Batting: LHB David Pérez 0-0: Ball
Sergio Aguilar is caught stealing 3rd base 2-5
Manny Alfaro to second
1-0: Intentional Walk
Batting: RHB Stan Ross 0-0: Called Strike
0-1: Ball
1-1: Fly out, F3 (Popup, 3L, EV 61.9 MPH)
Bottom of the 7th over - 0 runs, 1 hit, 0 errors, 2 left on base; Stockton 1 - Inland Empire 5
TOP OF THE 8TH
Stockton Ports batting - Pitching for Inland Empire 66ers : RHP Joe Tinker
Batting: SHB Juan Gonzáles 0-0: Ball
1-0: Ball
2-0: Foul Ball, location: 3DF
2-1: Ball
3-1: Called Strike
3-2: Foul Ball, location: 5DF
3-2: Base on Balls
Pinch Hitting: LHB Jorge Oliveira 0-0: Ball
1-0: Called Strike
1-1: SINGLE (Groundball, 5D, EV 109.4 MPH)
Juan Gonzáles to second
Pinch Hitting: SHB Tomás Alonso 0-0: Swinging Strike
0-1: Called Strike
0-2: Ball
1-2: Strikes out swinging
Pinch Hitting: LHB Arturo Reyes 0-0: Called Strike
0-1: Ball
1-1: Called Strike
1-2: Ball
2-2: Ball
3-2: Base on Balls
Juan Gonzáles to third
Jorge Oliveira to second
Pinch Hitting: RHB Ed Bowman 0-0: TRIPLE (Flyball, 8RXD, EV 111.3 MPH)
Juan Gonzáles scores
Jorge Oliveira scores
Arturo Reyes scores
Pinch Hitting: RHB Tony Hernández 0-0: Ball
1-0: Swinging Strike
1-1: Ball
2-1: Ball
3-1: Called Strike
3-2: Base on Balls
Pitching: LHP Bertolameu Schiappa
Pinch Hitting: SHB Ron Walsh 0-0: Ball
1-0: Fly out, F3 (Popup, 3S, EV 81.3 MPH)
Pinch Hitting: RHB José Oliveira 0-0: Called Strike
0-1: Called Strike
0-2: Ball
1-2: Foul Ball, location: 23F
1-2: Ball
2-2: Ball
3-2: Ground out 5-3 (Groundball, 5S, EV 86.3 MPH)
Top of the 8th over - 3 runs, 2 hits, 0 errors, 2 left on base; Stockton 4 - Inland Empire 5
BOTTOM OF THE 8TH
Inland Empire 66ers batting - Pitching for Stockton Ports : RHP Héctor Núñes
Now at C: Raúl Vázquez
Now at 1B: Ron Walsh
Now at 2B: Tony Hernández
Now at 3B: Tomás Alonso
Now at SS: Arturo Reyes
Now in LF: Ed Bowman
Now in CF: Juan Gonzáles
Now in RF: Doug Dundee
Batting: RHB Eric Goodman 0-0: Ball
1-0: Ball
2-0: Called Strike
2-1: Foul Ball, location: 5FF
2-2: Foul Ball, location: 2F
2-2: SOLO HOME RUN (Flyball, 7LD, EV 98.8 MPH), Distance : 357 ft
Batting: RHB Andy Branch 0-0: Ball
1-0: Ball
2-0: Ball
3-0: Called Strike
3-1: Fly out, F2 (Popup, 3SF, EV 68.8 MPH)
Batting: SHB Chad Mills 0-0: Swinging Strike
0-1: Ball
1-1: Swinging Strike
1-2: Ball
2-2: Foul Ball, location: 2F
2-2: Strikes out looking
Batting: RHB Wilson Robles 0-0: Foul Ball, location: 5DF
0-1: Ball
1-1: Ball
2-1: Swinging Strike
2-2: Ground out 4-3 (Groundball, 4, EV 81.3 MPH)
Bottom of the 8th over - 1 run, 1 hit, 0 errors, 0 left on base; Stockton 4 - Inland Empire 6
TOP OF THE 9TH
Stockton Ports batting - Pitching for Inland Empire 66ers : LHP Bertolameu Schiappa
Pitching: RHP Sergio Jiménez
Batting: LHB Edgar Vázquez 0-0: Ball
1-0: Ball
2-0: Foul Ball, location: 2F
2-1: Ball
3-1: Base on Balls
Batting: SHB Juan Gonzáles 0-0: Called Strike
0-1: Sac Bunt to 2R - play at first, batter OUT! 2-3
Edgar Vázquez to second
Pinch Hitting: RHB Steve Chase 0-0: Ball
1-0: Foul Ball, location: 3FF
1-1: Ball
2-1: Ball
3-1: Called Strike
3-2: Base on Balls
Batting: SHB Tomás Alonso 0-0: Fielders Choice at 2nd, 1-4 (Groundball, 25, EV 68.8 MPH)
Edgar Vázquez to third
Batting: LHB Arturo Reyes 0-0: Ball
1-0: Foul Ball, location: 2F
1-1: Swinging Strike
1-2: Fielders Choice at 2nd, 6-4 (Groundball, 6, EV 86.9 MPH)
Top of the 9th over - 0 runs, 0 hits, 0 errors, 2 left on base; Stockton 4 - Inland Empire 6
Monday, April 1st , 2024 - OOTP Baseball 24.10 Build 82